| TOP OF THE 1ST |
|
Seattle Mariners batting - Pitching for California Angels : LHP Aldo Questi
|
|
Pitching: LHP Aldo Questi
|
|
|
Batting: RHB Jose Vasquez
|
0-0: Ball 1-0: Ball 2-0: Ball 3-0: Called Strike 3-1: Base on Balls
|
|
Batting: RHB Steve Bartman Jr.
|
0-0: SINGLE (Groundball, 4MD, EV 108.1 MPH) (infield hit) Jose Vasquez to second
|
|
Batting: SHB Floyd-William Goof
|
0-0: Ball 1-0: Ball 2-0: Ball 3-0: Called Strike 3-1: Foul Ball, location: 2F 3-2: Base on Balls Jose Vasquez to third Steve Bartman Jr. to second
|
|
Batting: SHB Tze-meng Gan
|
0-0: Ball 1-0: Called Strike 1-1: GRAND SLAM HOME RUN (Flyball, 7LD, EV 96.3 MPH), Distance : 347 ft
|
|
Batting: SHB Nelson Powell
|
0-0: Ball 1-0: Called Strike 1-1: Foul Ball, location: 2F 1-2: Ball 2-2: Strikes out swinging
|
|
Batting: LHB Bi-jun Chien
|
0-0: Ball 1-0: Foul Ball, location: 2F 1-1: SINGLE (Line Drive, 6D, EV 106.3 MPH)
|
|
Batting: RHB Corey Ottinger
|
0-0: Fly out, F3 (Popup, 3SF, EV 73.1 MPH)
|
|
Batting: RHB Leon Alders
|
0-0: Ball 1-0: Called Strike Bi-jun Chien is caught stealing 2nd base 2-4
|
| Top of the 1st over - 4 runs, 3 hits, 0 errors, 0 left on base; Seattle 4 - California 0 |
| BOTTOM OF THE 1ST |
|
California Angels batting - Pitching for Seattle Mariners : RHP William de Jesus
|
|
Pitching: RHP William de Jesus
|
|
|
Batting: LHB Javier Trujillo
|
0-0: Swinging Strike 0-1: Ground out U3 (Groundball, 3, EV 80.6 MPH)
|
|
Batting: RHB Alain Delhaye
|
0-0: Ball 1-0: Ball 2-0: Swinging Strike 2-1: Ground out 1-3 (Groundball, 25, EV 68.1 MPH)
|
|
Batting: LHB Josh Cook
|
0-0: Called Strike 0-1: Ball 1-1: Foul Ball, location: 2F 1-2: Foul Ball, location: 2F 1-2: Strikes out looking and he ARGUES THE CALL AND IS TOSSED!
|
| Bottom of the 1st over - 0 runs, 0 hits, 0 errors, 0 left on base; Seattle 4 - California 0 |
| TOP OF THE 2ND |
|
Seattle Mariners batting - Pitching for California Angels : LHP Aldo Questi
|
|
Batting: RHB Leon Alders
|
0-0: Ball 1-0: Called Strike 1-1: Foul Ball, location: 2F 1-2: Ball 2-2: Strikes out swinging
|
|
Batting: LHB Dae-ik Yoon
|
0-0: Swinging Strike 0-1: Called Strike 0-2: Strikes out swinging
|
|
Batting: RHB Jose Vasquez
|
0-0: Ball 1-0: Ball 2-0: Swinging Strike 2-1: Foul Ball, location: 2F 2-2: Strikes out swinging, 2-3 out at first.
|
| Top of the 2nd over - 0 runs, 0 hits, 0 errors, 0 left on base; Seattle 4 - California 0 |
| BOTTOM OF THE 2ND |
|
California Angels batting - Pitching for Seattle Mariners : RHP William de Jesus
|
|
Batting: RHB Preston Deakyne
|
0-0: Called Strike 0-1: Ball 1-1: Ball 2-1: Fly out, F7 (Flyball, 7LS, EV 96.3 MPH)
|
|
Batting: LHB Micah Miller
|
0-0: Called Strike 0-1: Ground out U3 (Groundball, 3S, EV 83.1 MPH)
|
|
Batting: RHB Dietmar Warmisch
|
0-0: Called Strike 0-1: Ball 1-1: Foul Ball, location: 2F 1-2: Ball 2-2: Foul Ball, location: 2F 2-2: Ball 3-2: Fly out, F8 (Flyball, 8LM, EV 96.3 MPH)
|
| Bottom of the 2nd over - 0 runs, 0 hits, 0 errors, 0 left on base; Seattle 4 - California 0 |
| TOP OF THE 3RD |
|
Seattle Mariners batting - Pitching for California Angels : LHP Aldo Questi
|
|
Batting: RHB Steve Bartman Jr.
|
0-0: Called Strike 0-1: Called Strike 0-2: Ball 1-2: Ball 2-2: Foul Ball, location: 2F 2-2: Ball 3-2: Ground out 6-3 (Groundball, 6, EV 101.9 MPH)
|
|
Batting: SHB Floyd-William Goof
|
0-0: Ball 1-0: Ball 2-0: Ground out 6-3 (Groundball, 6, EV 91.3 MPH)
|
|
Batting: SHB Tze-meng Gan
|
0-0: Ball 1-0: Fly out, F9 (Flyball, 9LD, EV 90.0 MPH)
|
| Top of the 3rd over - 0 runs, 0 hits, 0 errors, 0 left on base; Seattle 4 - California 0 |
| BOTTOM OF THE 3RD |
|
California Angels batting - Pitching for Seattle Mariners : RHP William de Jesus
|
|
Batting: LHB Jack Bell
|
0-0: Foul Ball, location: 2F 0-1: Swinging Strike 0-2: Foul Ball, location: 2F 0-2: Ball 1-2: Ground out 4-3 (Groundball, 4, EV 90.6 MPH)
|
|
Batting: RHB Nick Dunn
|
0-0: Ball 1-0: Called Strike 1-1: Ball 2-1: Fly out, F6 (Line Drive, 6, EV 67.5 MPH)
|
|
Batting: RHB Danny Odom
|
0-0: Foul Ball, location: 2F 0-1: Called Strike 0-2: Ball 1-2: Ball 2-2: Fly out, F9 (Flyball, 9D, EV 93.1 MPH)
|
| Bottom of the 3rd over - 0 runs, 0 hits, 0 errors, 0 left on base; Seattle 4 - California 0 |
| TOP OF THE 4TH |
|
Seattle Mariners batting - Pitching for California Angels : LHP Aldo Questi
|
|
Batting: SHB Nelson Powell
|
0-0: Called Strike 0-1: Ground out 6-3 (Groundball, 6D, EV 84.4 MPH)
|
|
Batting: LHB Bi-jun Chien
|
0-0: Ball 1-0: Swinging Strike 1-1: Foul Ball, location: 2F 1-2: Foul Ball, location: 2F 1-2: Foul Ball, location: 2F 1-2: Ball 2-2: Foul Ball, location: 2F 2-2: Foul Ball, location: 2F 2-2: Ball 3-2: Strikes out swinging
|
|
Batting: RHB Corey Ottinger
|
0-0: Called Strike 0-1: Foul Ball, location: 2F 0-2: Foul Ball, location: 2F 0-2: Foul Ball, location: 2F 0-2: Ball 1-2: Ball 2-2: Ball 3-2: Foul Ball, location: 2F 3-2: Base on Balls
|
|
Pitching: RHP Joe Butler
|
|
|
Batting: RHB Leon Alders
|
0-0: Swinging Strike 0-1: Fielders Choice at 2nd, 6-4 (Groundball, 6MD, EV 82.5 MPH)
|
| Top of the 4th over - 0 runs, 0 hits, 0 errors, 1 left on base; Seattle 4 - California 0 |
| BOTTOM OF THE 4TH |
|
California Angels batting - Pitching for Seattle Mariners : RHP William de Jesus
|
|
Batting: LHB Javier Trujillo
|
0-0: Ball 1-0: SINGLE (Groundball, 5S, EV 65.0 MPH) (infield hit)
|
|
Batting: RHB Alain Delhaye
|
0-0: Ball Wild Pitch! Javier Trujillo to second 1-0: Foul Ball, location: 2F 1-1: Ball 2-1: Fly out, F2 (Popup, 13S, EV 81.3 MPH)
|
|
Batting: LHB Steve Roepke
|
0-0: Called Strike 0-1: Ball 1-1: Swinging Strike 1-2: Ball 2-2: Strikes out looking
|
|
Batting: RHB Preston Deakyne
|
0-0: Called Strike 0-1: Ball 1-1: Ball 2-1: Fly out, F7 (Line Drive, 7D, EV 88.1 MPH)
|
| Bottom of the 4th over - 0 runs, 1 hit, 0 errors, 1 left on base; Seattle 4 - California 0 |
| TOP OF THE 5TH |
|
Seattle Mariners batting - Pitching for California Angels : RHP Joe Butler
|
|
Batting: LHB Dae-ik Yoon
|
0-0: Swinging Strike 0-1: Ball 1-1: Swinging Strike 1-2: Ball 2-2: Ball 3-2: Base on Balls
|
|
Batting: RHB Jose Vasquez
|
0-0: Ball Dae-ik Yoon steals 2nd base (no throw) 1-0: Fly out, F9 (Flyball, 9LS, EV 87.5 MPH)
|
|
Batting: RHB Steve Bartman Jr.
|
0-0: Called Strike 0-1: Ball 1-1: Called Strike 1-2: Ball 2-2: Strikes out swinging
|
|
Batting: SHB Floyd-William Goof
|
0-0: Fly out, F3 (Flyball, 3D, EV 80.0 MPH)
|
| Top of the 5th over - 0 runs, 0 hits, 0 errors, 1 left on base; Seattle 4 - California 0 |
| BOTTOM OF THE 5TH |
|
California Angels batting - Pitching for Seattle Mariners : RHP William de Jesus
|
|
Batting: LHB Micah Miller
|
0-0: Ball 1-0: Called Strike 1-1: DOUBLE (Flyball, 8LXD, EV 108.8 MPH)
|
|
Batting: RHB Dietmar Warmisch
|
0-0: Ball 1-0: Ball 2-0: Called Strike 2-1: Called Strike 2-2: Ball 3-2: Foul Ball, location: 2F 3-2: Fly out, F6 (Flyball, 56D, EV 80.0 MPH)
|
|
Batting: LHB Jack Bell
|
0-0: Called Strike 0-1: Ball 1-1: Ball 2-1: Foul Ball, location: 2F 2-2: Fly out, F8 (Flyball, 8LD, EV 88.8 MPH)
|
|
Batting: RHB Nick Dunn
|
0-0: Ball 1-0: Swinging Strike 1-1: Ball 2-1: Ball 3-1: Ground out 6-3 (Groundball, 6, EV 81.9 MPH)
|
| Bottom of the 5th over - 0 runs, 1 hit, 0 errors, 1 left on base; Seattle 4 - California 0 |
| TOP OF THE 6TH |
|
Seattle Mariners batting - Pitching for California Angels : RHP Joe Butler
|
|
Batting: SHB Tze-meng Gan
|
0-0: Called Strike 0-1: Foul Ball, location: 2F 0-2: Ball 1-2: Ball 2-2: Fly out, F9 (Flyball, 89M, EV 84.4 MPH)
|
|
Batting: SHB Nelson Powell
|
0-0: Ball 1-0: Ground out 4-3 (Groundball, 4, EV 83.8 MPH)
|
|
Batting: LHB Bi-jun Chien
|
0-0: Called Strike 0-1: SOLO HOME RUN (Flyball, 9D, EV 91.9 MPH), Distance : 358 ft
|
|
Batting: RHB Corey Ottinger
|
0-0: Swinging Strike 0-1: SINGLE (Line Drive, 4D, EV 102.5 MPH)
|
|
Pitching: RHP Barney Pederson
|
|
|
Batting: RHB Leon Alders
|
0-0: Ball 1-0: SINGLE (Groundball, 56D, EV 84.4 MPH) (infield hit) Corey Ottinger to second
|
|
Batting: LHB Dae-ik Yoon
|
0-0: Swinging Strike 0-1: Ball 1-1: Foul Ball, location: 2F 1-2: Ball 2-2: Ball 3-2: Fly out, F8 (Line Drive, 8LD, EV 90.0 MPH)
|
| Top of the 6th over - 1 run, 3 hits, 0 errors, 2 left on base; Seattle 5 - California 0 |
| BOTTOM OF THE 6TH |
|
California Angels batting - Pitching for Seattle Mariners : RHP William de Jesus
|
|
Batting: RHB Danny Odom
|
0-0: Ball 1-0: Foul Ball, location: 2F 1-1: Ball 2-1: Ball 3-1: Fly out, F8 (Flyball, 89M, EV 83.8 MPH)
|
|
Batting: LHB Javier Trujillo
|
0-0: Called Strike 0-1: Ball 1-1: SINGLE (Groundball, 34D, EV 97.5 MPH)
|
|
Batting: RHB Alain Delhaye
|
0-0: Ball 1-0: Called Strike 1-1: Ball 2-1: Called Strike 2-2: Foul Ball, location: 2F 2-2: Fly out, F8 (Flyball, 8LXD, EV 89.4 MPH)
|
|
Batting: LHB Steve Roepke
|
0-0: Ground out 4-3 (Groundball, 4, EV 81.3 MPH)
|
| Bottom of the 6th over - 0 runs, 1 hit, 0 errors, 1 left on base; Seattle 5 - California 0 |
| TOP OF THE 7TH |
|
Seattle Mariners batting - Pitching for California Angels : RHP Barney Pederson
|
|
Batting: RHB Jose Vasquez
|
0-0: Ball 1-0: SINGLE (Groundball, 56S, EV 68.8 MPH) (infield hit)
|
|
Batting: RHB Steve Bartman Jr.
|
0-0: Called Strike 0-1: Called Strike 0-2: Strikes out looking
|
|
Batting: SHB Floyd-William Goof
|
0-0: Ball 1-0: SINGLE (Line Drive, 8RS, EV 114.4 MPH) Jose Vasquez to second
|
|
Batting: SHB Tze-meng Gan
|
0-0: Ball 1-0: Reached on error, E5 (Groundball, 56, EV 99.4 MPH) Jose Vasquez to third Floyd-William Goof to second
|
|
Batting: SHB Nelson Powell
|
0-0: Fielders Choice at 2nd, 4-6 (Groundball, 4D, EV 98.1 MPH) Jose Vasquez scores Floyd-William Goof to third
|
|
Batting: LHB Bi-jun Chien
|
0-0: Hit by Pitch Nelson Powell to second
|
|
Batting: RHB Corey Ottinger
|
0-0: Ball 1-0: Ball 2-0: Ball 3-0: Called Strike 3-1: Foul Ball, location: 2F 3-2: Foul Ball, location: 2F 3-2: Foul Ball, location: 2F 3-2: Base on Balls Floyd-William Goof scores Nelson Powell to third Bi-jun Chien to second
|
|
Batting: RHB Leon Alders
|
0-0: Ball 1-0: Called Strike 1-1: SINGLE (Groundball, 5S, EV 66.9 MPH) (infield hit) Nelson Powell scores Bi-jun Chien to third Corey Ottinger to second
|
|
Batting: LHB Dae-ik Yoon
|
0-0: Ball 1-0: Called Strike 1-1: Ball 2-1: Foul Ball, location: 2F 2-2: Ground out 4-3 (Groundball, 4, EV 104.4 MPH)
|
| Top of the 7th over - 3 runs, 3 hits, 1 error, 3 left on base; Seattle 8 - California 0 |
| BOTTOM OF THE 7TH |
|
California Angels batting - Pitching for Seattle Mariners : RHP William de Jesus
|
|
Batting: RHB Preston Deakyne
|
0-0: Called Strike 0-1: Ball 1-1: Ball 2-1: Fly out, F7 (Flyball, 7D, EV 103.1 MPH)
|
|
Pitching: RHP Jesse Crockett
|
|
|
Batting: LHB Micah Miller
|
0-0: Ground out 3-1 (Groundball, 34S, EV 88.1 MPH)
|
|
Batting: RHB Dietmar Warmisch
|
0-0: Ball 1-0: Ball 2-0: Called Strike 2-1: Called Strike 2-2: Fly out, F8 (Line Drive, 8LM, EV 90.6 MPH)
|
| Bottom of the 7th over - 0 runs, 0 hits, 0 errors, 0 left on base; Seattle 8 - California 0 |
| TOP OF THE 8TH |
|
Seattle Mariners batting - Pitching for California Angels : RHP Barney Pederson
|
|
Batting: RHB Jose Vasquez
|
0-0: Called Strike 0-1: Ball 1-1: Ball 2-1: Ground out 6-3 (Groundball, 56D, EV 100.6 MPH)
|
|
Batting: RHB Steve Bartman Jr.
|
0-0: Ball 1-0: Foul Ball, location: 2F 1-1: SINGLE (Line Drive, 89S, EV 101.3 MPH)
|
|
Pitching: RHP Austin Maki
|
|
|
Batting: SHB Floyd-William Goof
|
0-0: Foul Ball, location: 2F 0-1: Ball 1-1: Ball 2-1: SINGLE (Line Drive, 89S, EV 105.6 MPH) Steve Bartman Jr. to second
|
|
Batting: SHB Tze-meng Gan
|
0-0: Ball 1-0: Called Strike 1-1: Fly out, F8 (Flyball, 89D, EV 88.8 MPH) Runner from 2nd tags up, SAFE at 3rd, no throw by CF
|
|
Batting: SHB Nelson Powell
|
0-0: Ball 1-0: Ball 2-0: Foul Ball, location: 2F 2-1: Foul Ball, location: 2F 2-2: Ground out 4-3 (Groundball, 4, EV 85.0 MPH)
|
| Top of the 8th over - 0 runs, 2 hits, 0 errors, 2 left on base; Seattle 8 - California 0 |
| BOTTOM OF THE 8TH |
|
California Angels batting - Pitching for Seattle Mariners : RHP Jesse Crockett
|
|
Batting: LHB Jack Bell
|
0-0: Swinging Strike 0-1: Swinging Strike 0-2: Foul Ball, location: 2F 0-2: Strikes out looking
|
|
Batting: RHB Nick Dunn
|
0-0: SINGLE (Groundball, 6MD, EV 101.3 MPH)
|
|
Batting: RHB Danny Odom
|
0-0: Fly out, F9 (Line Drive, 9, EV 91.3 MPH)
|
|
Batting: LHB Javier Trujillo
|
0-0: Called Strike 0-1: Fly out, F7 (Flyball, 78XD, EV 103.1 MPH)
|
| Bottom of the 8th over - 0 runs, 1 hit, 0 errors, 1 left on base; Seattle 8 - California 0 |
| TOP OF THE 9TH |
|
Seattle Mariners batting - Pitching for California Angels : RHP Austin Maki
|
|
Pitching: RHP Ryan Terlizzi
|
|
|
Batting: LHB Bi-jun Chien
|
0-0: Called Strike 0-1: Ball 1-1: Called Strike 1-2: Ball 2-2: Ball 3-2: Foul Ball, location: 2F 3-2: SINGLE (Groundball, 25, EV 66.9 MPH) (infield hit)
|
|
Batting: RHB Corey Ottinger
|
0-0: Called Strike Bi-jun Chien steals 2nd base (no throw) 0-1: Ground out 6-3 (Groundball, 6M, EV 101.3 MPH) Bi-jun Chien to third
|
|
Batting: RHB Leon Alders
|
0-0: Ball 1-0: Called Strike 1-1: Ground out 6-3 (Groundball, 6, EV 86.3 MPH) Bi-jun Chien scores
|
|
Batting: LHB Dae-ik Yoon
|
0-0: Ball 1-0: Foul Ball, location: 2F 1-1: Foul Ball, location: 2F 1-2: Strikes out looking
|
| Top of the 9th over - 1 run, 1 hit, 0 errors, 0 left on base; Seattle 9 - California 0 |
| BOTTOM OF THE 9TH |
|
California Angels batting - Pitching for Seattle Mariners : RHP Jesse Crockett
|
|
Batting: RHB Alain Delhaye
|
0-0: Ball 1-0: Called Strike 1-1: Foul Ball, location: 2F 1-2: Foul Ball, location: 2F 1-2: Ball 2-2: Strikes out swinging
|
|
Batting: LHB Steve Roepke
|
0-0: Ground out 4-3 (Groundball, 34, EV 87.5 MPH)
|
|
Batting: RHB Preston Deakyne
|
0-0: Called Strike 0-1: Ball 1-1: Swinging Strike 1-2: Strikes out swinging
|
| Bottom of the 9th over - 0 runs, 0 hits, 0 errors, 0 left on base; Seattle 9 - California 0 |
|